 Seeded DCSS version 0.30.1-4-g462c640d31 (webtiles) character file.

Game seed: 6351066067085065685 (custom seed)

8 Esekla the Grave Robber (level 2, 0/15 HPs)
             Began as a Deep Elf Necromancer on Aug 24, 2023.
             Was an Initiate of Vehumet.
             Slain by an orc
             ... wielding a +0 whip
              (5 damage)
             ... on level 3 of the Dungeon.
             The game lasted 00:05:05 (725 turns).

Esekla the Grave Robber (Deep Elf Necromancer)       Turns: 725, Time: 00:05:05

Health: 0/15       AC:  4    Str:  5    XL:     2   Next: 0%
Magic:  8/8        EV: 13    Int: 19    God:    Vehumet [......]
Gold:   81         SH:  0    Dex: 15    Spells: 6/7 levels left

rFire   . . .        c - +0 short sword
rCold   . . .        (no shield)
rNeg    . . .        a - +0 robe
rPois   .            j - +0 helmet
rElec   .            (no cloak)
rCorr   .            l - +0 pair of gloves
SInv    .            (no boots)
Will    .....        (no amulet)
Stlth   ++           (no ring)
HPRegen 0.22/turn    (no ring)
MPRegen 0.11/turn

%: no passive effects
@: no status effects
A: no striking features
a: Renounce Religion


You were on level 3 of the Dungeon.
You worshipped Vehumet.
Vehumet was noncommittal.
You visited 1 branch of the dungeon, and saw 4 of its levels.

You collected 81 gold pieces.

Inventory:

Hand Weapons
 c - a +0 short sword (weapon)
Armour
 a - a +0 robe (worn)
 j - a +0 helmet (worn)
 l - a +0 pair of gloves (worn)
Wands
 h - a wand of roots (9)
Scrolls
 f - 3 scrolls of identify {unknown}
Potions
 b - a potion of magic
 d - a potion of ambrosia {unknown}
 e - 2 potions of attraction {unknown}
 g - a potion of haste {unknown}
 i - a potion of mutation {unknown}
 k - a potion of curing {unknown}


   Skills:
 * Level 2.7 Dodging
 + Level 2.6 Stealth
 * Level 3.1 Spellcasting
 + Level 5.0 Necromancy


You had 6 spell levels left.
You knew the following spells:

 Your Spells              Type           Power      Damage    Failure   Level
a - Necrotise             Necr           88%        1d8       1%          1

Your spell library contained the following spells:

 Spells                   Type           Power      Damage    Failure   Level
 Vampiric Draining        Necr           22%        2d7       5%          3
 Animate Dead             Necr           22%        N/A       19%         4
 Agony                    Necr           22%        N/A       45%         5


Dungeon Overview and Level Annotations

Branches:
Dungeon (4/15)
 Temple: D:4-7

Altars:
Okawaru
Vehumet
Zin

Shops:
D:2 =


Message History

The orc closely misses you.
You completely miss the orc.
The orc is moderately wounded.
The orc barely misses you.
You hit the orc but do no damage.
The orc is moderately wounded.
The orc hits you but does no damage.
You hit the orc.
The orc is almost dead.
The orc hits you with a +0 whip.
You barely miss the orc.
The orc is almost dead.
The orc misses you.
You hit the orc.
You kill the orc!
Vehumet accepts your kill.
You have reached level 2!
You hit the orc.
The orc is lightly wounded.
The orc hits you with a +0 whip.
You hit the orc but do no damage.
The orc is lightly wounded.
The orc misses you.
You hit the orc but do no damage.
The orc is lightly wounded.
The orc hits you with a +0 whip. The orc attacks as you move away!
The orc misses you.
You barely miss the orc.
The orc is lightly wounded.
The orc closely misses you.
You barely miss the orc.
The orc is lightly wounded.
The orc closely misses you.
You closely miss the orc.
The orc is lightly wounded.
The orc hits you with a +0 whip.
You hit the orc but do no damage.
The orc is lightly wounded.
The orc hits you with a +0 whip.
You die...

#...###
####.#####
#........#
###........#
#..........#
#)#....)...#
#g#........#
#o#........#
#@#........#
#.#........#
..##########
.### .. ..
... #..


You could see an orc and a goblin.

Vanquished Creatures
  2 orcs (D:3)
  An endoplasm (D:2)
  A hobgoblin (D:3)
  2 kobolds
6 creatures vanquished.

Notes
Turn   | Place    | Note
-------+----------+-------------------------------------------
     0 | D:1      | Esekla the Deep Elf Necromancer began the quest for the
                  | Orb.
     0 | D:1      | Reached XP level 1. HP: 10/10 MP: 6/6
   321 | D:2      | Noticed a black bear
   397 | D:2      | Found Renulab's Jewellery Shop.
   490 | D:4      | Found an iron altar of Okawaru.
   550 | D:4      | Found a glowing silver altar of Zin.
   569 | D:4      | Found a radiant altar of Vehumet.
   573 | D:4      | Became a worshipper of Vehumet
   710 | D:3      | Reached skill level 5 in Necromancy
   718 | D:3      | Reached XP level 2. HP: 14/15 MP: 8/8
   725 | D:3      | Slain by an orc

Illustrated notes

Levels and vault maps discovered:
D:1:      sevenhm_arrival_forest_fort_small_3, layout_rooms,
          chequers_serial_rivers_room_b, minmay_misc_feat_five
D:2:      layout_loops_ring, dreamdust_ecumenical_altar_angels_and_demons,
          serial_shops, shop
D:3:      layout_basic, grunt_temple_overflow_open, minmay_misc_feat_iff
D:4:      layout_basic, nicolae_overflow_quartered_altars, serial_shops,
          nicolae_diamond_shop

Skill      XL: |  1 |
---------------+----+-----
Necromancy     | 5 |  5.0
Dodging        | |  2.7
Stealth        | |  2.6
Spellcasting   | |  3.1

Action                     || total
---------------------------++-------
  Melee: Short sword       ||    32
         Unarmed           ||     9
    Use: Scroll            ||     1
   Stab: Sleeping          ||     1
 Armour: Robe              ||     8
  Dodge: Dodged            ||    32
